 Dungeon Crawl Stone Soup version 0.31.0-7-gf635a9b802 (webtiles) character file.

Game seed: 17093634547920811543

912 stipulation the Grappler (level 8, -16/63 HPs)
             Began as a Ghoul Monk on Jan 24, 2024.
             Was a Believer of Wu Jian.
             Demolished by an ogre
             ... wielding a +0 giant club
              (17 damage)
             ... on level 5 of the Dungeon.
             The game lasted 00:02:20 (4217 turns).

stipulation the Grappler (Ghoul Monk)               Turns: 4217, Time: 00:02:21

Health: -16/63     AC: 12    Str: 17    XL:     8   Next: 9%
Magic:  8/8        EV:  5    Int:  9    God:    Wu Jian [**....]
Gold:   81         SH:  0    Dex: 11    Spells: 7/7 levels left

rFire   . .          .
                       - Unarmed
rCold   + . .        c - orb {light}
rNeg    + + +        o - +0 plate armour
rPois   ∞            e - +0 helmet
rElec   .            (no cloak)
rCorr   .            (no gloves)
SInv    +            (no boots)
Will    .....        (no amulet) Stlth
                     p - ring of see invisible
HPRegen 0.00/turn    (no ring)
MPRegen 0.11/turn

%: no passive effects
@: inhibited regen, glowing
A: claws 1, cold resistance 1, negative energy resistance 3, inhibited
regeneration, torment resistance 2, devour on kill
a: Renounce Religion, Wall Jump


You were on level 5 of the Dungeon.
You worshipped Wu Jian.
Wu Jian was pleased with you.
You visited 2 branches of the dungeon, and saw 6 of its levels.

You collected 153 gold pieces.
You spent 72 gold pieces at shops.

Inventory:

Armour
 c - an orb of light (worn)
 e - a +0 helmet (worn)
 o - a +0 plate armour (worn)
Jewellery
 p - a ring of see invisible (left claw)
 u - a ring of fire
 v - a ring of wizardry
Wands
 t - a wand of paralysis (5)
Scrolls
 a - a scroll of brand weapon {unknown}
 d - 2 scrolls of noise {unknown}
 f - 2 scrolls of enchant armour {unknown}
 i - a scroll of vulnerability {unknown}
 m - 3 scrolls of identify
 n - 3 scrolls of teleportation {unknown}
 q - a scroll of enchant weapon {unknown}
 r - a scroll of amnesia {unknown}
 s - a scroll of torment {unknown}
Potions
 b - 2 potions of ambrosia
 g - a potion of magic {unknown}
 h - 2 potions of heal wounds {unknown}
 j - 5 potions of curing {unknown}
 k - a potion of degeneration {unknown}
 l - a potion of attraction {unknown}


   Skills:
 - Level 3.2 Fighting
 + Level 3.8 Armour
 - Level 2.6 Dodging
 + Level 9.2 Unarmed Combat


You had 7 spell levels left.
You didn't know any spells.
Your spell library was empty.

Dungeon Overview and Level Annotations

Branches:
Dungeon (5/15)             Temple (1/1) D:4

Altars:
Ashenzari
Cheibriados
Dithmenos
Fedhas
Hepliaklqana
Kikubaaqudgha
Makhleb
Nemelex Xobeh
Okawaru
Qazlal
Ru
Sif Muna
Trog
Uskayaw
Vehumet
Wu Jian
Xom
Yredelemnul

Shops:
D:2 ?


Innate Abilities, Weirdness & Mutations

You are immune to poison.
You have sharp fingernails.
Your flesh is cold resistant. (rC+)
You are immune to negative energy. (rN+++)
You do not regenerate when monsters are visible.
You are immune to unholy pain and torment.
You thrive by killing the living.


Message History

The wight is almost destroyed.
The wight hits you with a +0 spear.
There are monsters nearby!
There are monsters nearby!
You scratch the wight.
You destroy the wight!
The Council accepts your kill.
You have reached level 8!
You lunge at the wight.
You claw the wight!
The wight is almost destroyed.
The wight barely misses you.
Things that are here:
a +0 spear; a +0 robe You claw the wight!
You destroy the wight!
The Council accepts your kill.
Things that are here:
a +4 halberd; a +0 robe An ogre comes into view.
It is wielding a +0 giant club.
The ogre shouts!
The ogre moves out of view.
The ogre hits you but does no damage.
You spin and attack the ogre.
You scratch the ogre.
The ogre is lightly wounded.
The ogre hits you with a +0 giant club!!
* * * LOW HITPOINT WARNING * * *
You spin and attack the ogre.
You scratch the ogre.
The ogre is moderately wounded.
An ogre is nearby!
An ogre is nearby!
Okay, then.
You scratch the ogre.
The ogre is moderately wounded.
The ogre barely misses you.
You scratch the ogre.
The ogre is heavily wounded.
You scratch the ogre.
The ogre is heavily wounded.
The ogre hits you with a +0 giant club!
You die...

#....# ## #....### ..
.###...... ...
..##....###...#
#.#............ #+#
#.#...........
###.######.##....#..#
.†...))))......O@...#
##########.##....#.P#
#.#........#
#.###.#.#.... #.#
#.#.#..... #.# #.#.#
#..## #.# #.#.# .##
#.# #.#.. .


You could see an ogre.

Vanquished Creatures
  Sigmund (D:2)
  2 scorpions
  4 wights (D:5)
  A bombardier beetle (D:5)
  A hound (D:4)
  2 jellies (D:4)
  A sleepcap (D:5)
  Natasha (thrice) (D:2)
  2 iguanas
  Robin (D:2)
  5 adders
  A ribbon worm (D:3)
  3 dart slugs (D:2)
  2 orcs (D:4)
  A bat (D:1)
  13 endoplasms
  A giant cockroach (D:3)
  19 goblins
  9 hobgoblins
  2 jackals (D:4)
  8 kobolds
  3 quokkas
  7 ball pythons
  5 frilled lizards
  3 rats
100 creatures vanquished.

Notes
Turn   | Place    | Note
-------+----------+-------------------------------------------
     0 | D:1      | stipulation the Ghoul Monk began the quest for the Orb.
     0 | D:1      | Reached XP level 1. HP: 19/19 MP: 1/1
   317 | D:1      | Reached XP level 2. HP: 25/26 MP: 2/2
   416 | D:1      | Reached skill level 4 in Unarmed Combat
   825 | D:2      | Reached XP level 3. HP: 30/31 MP: 3/3
   846 | D:2      | Noticed Sigmund
   854 | D:2      | Killed Sigmund
   855 | D:2      | Reached skill level 6 in Unarmed Combat
   855 | D:2      | Reached XP level 4. HP: 10/38 MP: 4/4
   855 | D:2      | Reached XP level 5. HP: 12/45 MP: 5/5
  1140 | D:2      | Reached skill level 7 in Unarmed Combat
  1193 | D:2      | Found a shimmering blue altar of Sif Muna.
  1235 | D:2      | Noticed Robin
  1243 | D:2      | Noticed Natasha
  1266 | D:2      | Reached XP level 6. HP: 45/51 MP: 6/6
  1275 | D:2      | Killed Natasha
  1278 | D:2      | Killed Robin
  1387 | D:2      | Found Tohul's Magic Scroll Shoppe.
  1395 | D:2      | Bought a scroll of identify for 24 gold pieces
  1395 | D:2      | Bought a scroll of identify for 24 gold pieces
  1395 | D:2      | Bought a scroll of identify for 24 gold pieces
  1663 | D:2      | Found Tohul's Magic Scroll Shoppe.
  1811 | D:2      | Noticed Natasha
  1819 | D:2      | Killed Natasha
  1910 | D:2      | Found a shimmering blue altar of Sif Muna.
  2052 | D:2      | Noticed Natasha
  2058 | D:2      | Killed Natasha
  2179 | D:2      | Found a shimmering blue altar of Sif Muna.
  2416 | D:2      | Found Tohul's Magic Scroll Shoppe.
  3183 | D:4      | Found a staircase to the Ecumenical Temple.
  3228 | D:4      | Reached skill level 1 in Armour
  3228 | D:4      | Reached skill level 8 in Unarmed Combat
  3247 | Temple   | Entered the Ecumenical Temple
  3269 | Temple   | Became a worshipper of the Wu Jian Council
  3269 | Temple   | Reached * piety under Wu Jian
  3269 | Temple   | Reached ** piety under Wu Jian
  3600 | D:4      | Found a sacrificial altar of Ru.
  3600 | D:4      | Found an ancient bone altar of Kikubaaqudgha.
  3600 | D:4      | Found a sparkling altar of Nemelex Xobeh.
  3606 | D:4      | Reached XP level 7. HP: 54/57 MP: 7/7
  4083 | D:5      | Entered Level 5 of the Dungeon
  4198 | D:5      | Reached skill level 9 in Unarmed Combat
  4204 | D:5      | Reached XP level 8. HP: 24/63 MP: 8/8
  4212 | D:5      | HP: 1/63 [ogre/+0 giant club (23)]
  4217 | D:5      | Demolished by an ogre

Illustrated notes

Levels and vault maps discovered:
D:1:      hellmonk_arrival_library, layout_loops_cross,
          hangedman_abyss_or_decor_lesser_grid, minmay_misc_feat_enclosed,
          dk_noncrumbling_4, minmay_large_rounded_square, minmay_hedge_maze
D:2:      layout_loops_cross, serial_shops, shop, basic_altar, uniq_robin,
          uniq_sigmund, uniq_natasha
D:3:      layout_basic
D:4:      cheibrodos_fertilizer, layout_basic, minmay_temple_entry_large_hall
D:5:      nicolae_cairo_tiling_very_big, layout_basic, corexii_shack
Temple:   nicolae_temple_bog_church

Skill      XL: |  1  2  3  4  5  6  7 |
---------------+----------------------+-----
Unarmed Combat | 4 6 7 8 9 |  9.2
Armour         | 1 3 |  3.8
Fighting       | |  3.2
Dodging        | |  2.6

Action                     |  1- 3 |  4- 6 |  7- 9 || total
---------------------------+-------+-------+-------++-------
  Melee: Unarmed           |    40 |   127 |    80 ||   247
Ability: Lunge             |       |     3 |     9 ||    12
         Whirlwind         |       |       |     2 ||     2
    Use: Potion            |       |     1 |       ||     1
 Armour: Robe              |    25 |    42 |       ||    67
         Plate armour      |       |    71 |    52 ||   123
  Dodge: Dodged            |    24 |    50 |    19 ||    93
